 Dungeon Crawl Stone Soup version 0.21.0-36-ge3e1d5aaab (webtiles) character file.

7 Gargoyl the Skirmisher (level 2, -2/29 HPs)
             Began as a Gnoll Abyssal Knight on Jan 30, 2018.
             Was a Follower of Lugonu.
             Slain by a small abomination (20 damage)
             ... on level 1 of the Abyss.
             The game lasted 00:00:26 (146 turns).

Gargoyl the Skirmisher (Gnoll Abyssal Knight)        Turns: 146, Time: 00:00:26

Health: -2/29      AC:  3    Str: 14    XL:     2   Next: 0%
Magic:  5/5        EV: 12    Int: 14    God:    Lugonu [*.....]
Gold:   5          SH:  0    Dex: 14    Spells: 1/1 levels left

rFire    . . .     SeeInvis .   a - +1 hand axe
rCold    . . .     Gourm    .   (no shield)
rNeg     . . .     Faith    .   b - +0 leather armour
rPois    .         Spirit   .   (no helmet)
rElec    .         Reflect  .   (no cloak)
rCorr    .         Harm     .   (no gloves)
MR       .....                  (no boots)
Stlth    +.........             (no amulet)
HPRegen  0.09/turn              (no ring)
MPRegen  0.09/turn              (no ring)

@: no status effects
A: distributed training, fangs 1, strong nose
a: Depart the Abyss, Renounce Religion


You were on level 1 of the Abyss.
You worshipped Lugonu.
Lugonu was aware of your devotion.
You were not hungry.

You visited 0 branches of the dungeon, and saw 0 of its levels.
You visited the Abyss 1 time.

You collected 5 gold pieces.

Inventory:

Hand Weapons
 a - a +1 hand axe (weapon)
Armour
 b - a +0 leather armour (worn)
Comestibles
 c - a ration


   Skills:
 + Level 6.4 Fighting
 + Level 0.2 Short Blades
 + Level 0.2 Long Blades
 + Level 4.4 Axes
 + Level 0.2 Maces & Flails
 + Level 0.2 Polearms
 + Level 0.2 Staves
 + Level 0.2 Slings
 + Level 0.2 Bows
 + Level 0.2 Crossbows
 + Level 0.2 Throwing
 + Level 4.4 Armour
 + Level 2.4 Dodging
 + Level 0.2 Stealth
 + Level 0.2 Shields
 + Level 0.2 Unarmed Combat
 + Level 0.2 Spellcasting
 + Level 0.1 Conjurations
 + Level 0.1 Hexes
 + Level 0.1 Charms
 + Level 0.1 Summonings
 + Level 0.1 Necromancy
 + Level 0.1 Translocations
 + Level 0.1 Transmutations
 + Level 0.1 Fire Magic
 + Level 0.1 Ice Magic
 + Level 0.1 Air Magic
 + Level 0.1 Earth Magic
 + Level 0.1 Poison Magic
 + Level 4.4 Invocations
 + Level 0.2 Evocations


You had one spell level left.
You didn't know any spells.

Dungeon Overview and Level Annotations

Branches:
Dungeon (0/15)

Altars:


Innate Abilities, Weirdness & Mutations

Your experience applies equally to all skills.
You have very sharp teeth.
Your uncanny sense of smell can sniff out nearby items.


Message History

The white imp closely misses you.
You hit the white imp. You bite the white imp.
The white imp is almost dead.
The white imp hits you but does no damage.
You hit the white imp.
You kill the white imp!
You have reached level 2!
Okay, then.
Found a hand axe.
You see here a hand axe.
You see here a hand axe.
A kobold demonologist bursts from nowhere.
It is wielding a dagger.
Found a gateway leading deeper into the Abyss.
The kobold demonologist shouts!
You hear a roar!
A thrashing horror and a small abomination come into view.
The thrashing horror roars!
You hear a bellow!
The kobold demonologist hits you but does no damage.
The small abomination hits you!!
Ouch! That really hurt!
You die...

# #.#. ##..# #.
.. # #.#### ..##
.##....#.#
#...#####.#.##.#
#........#..# ..
#..ยง.####)#.#.
# ..##.#...##.
..# . #XK##.#
####.#
#@...#...# .#
#.>x.#.##.##.# .
#..##...# ## .
#. .#### .. #
#.. ... .. .##


You could see a thrashing horror, a kobold demonologist and a small abomination.

Vanquished Creatures
  A white imp (Abyss:1)
1 creature vanquished.

Notes
Turn   | Place    | Note
-------+----------+-------------------------------------------
     0 | Abyss:1  | Gargoyl the Gnoll Abyssal Knight began the quest for the Orb.
     0 | Abyss:1  | Reached XP level 1. HP: 23/23 MP: 3/3
    40 | Abyss:1  | Found a corrupted altar of Lugonu.
    59 | Abyss:1  | Found a corrupted altar of Lugonu.
    75 | Abyss:1  | Found a radiant altar of Vehumet.
    76 | Abyss:1  | Noticed a shadow dragon zombie
   115 | Abyss:1  | Reached XP level 2. HP: 15/29 MP: 5/5
   141 | Abyss:1  | Noticed a kobold demonologist
   146 | Abyss:1  | Noticed a thrashing horror
   146 | Abyss:1  | Noticed a small abomination
   146 | Abyss:1  | Slain by a small abomination

Action                   || total
-------------------------++-------
Melee: Hand axe          ||     8
       Bite              ||     1
Armor: Leather armour    ||     1
Dodge: Dodged            ||     5
